[ AOE2 MATCH · #473048309 ]
UnrankedVietnamese vs Muisca
[ REPLAY ANALYSIS · EXTRACTED FROM THE RECORDED GAME ]
Feudal
14:11
Castle
18:29
Imperial
—
| APM avg | 34.3 |
| APM peak | 79 |
| eAPM avg | 16.8 |
| Villagers / military | 174 / 79 |
Focus
⚔️ 28.8% · 🌾 71.2%
Rattan Archer ×61 · Battering Ram ×18 · Fishing Ship ×15
Feudal
13:29
Castle
17:38
Imperial
—
| APM avg | 30.8 |
| APM peak | 68 |
| eAPM avg | 17.3 |
| Villagers / military | 132 / 4 |
Focus
⚔️ 22.4% · 🌾 77.6%
Unknown (2562) ×11 · Fishing Ship ×8 · Unknown (2626) ×4 · Mangonel ×3 · Fire Galley ×1
Feudal
14:09
Castle
17:50
Imperial
—
| APM avg | 34.2 |
| APM peak | 67 |
| eAPM avg | 15.7 |
| Villagers / military | 129 / 158 |
Focus
⚔️ 32.0% · 🌾 68.0%
Archer ×155 · Fishing Ship ×11 · Skirmisher ×3
Feudal
13:35
Castle
17:09
Imperial
—
| APM avg | 38.8 |
| APM peak | 75 |
| eAPM avg | 20.2 |
| Villagers / military | 158 / 12 |
Focus
⚔️ 33.3% · 🌾 66.7%
Unknown (2562) ×60 · Mangonel ×9 · Fishing Ship ×6 · Fire Galley ×3
Feudal
14:07
Castle
17:53
Imperial
42:16
| APM avg | 42.3 |
| APM peak | 82 |
| eAPM avg | 24.6 |
| Villagers / military | 180 / 163 |
Focus
⚔️ 35.4% · 🌾 64.6%
Spearman ×77 · Hussite Wagon ×75 · Fishing Ship ×11 · Battering Ram ×10 · Unknown (2626) ×2 · Monk ×1
Feudal
15:14
Castle
18:44
Imperial
33:43
| APM avg | 52.8 |
| APM peak | 99 |
| eAPM avg | 32.2 |
| Villagers / military | 195 / 246 |
Focus
⚔️ 40.5% · 🌾 59.5%
Knight ×192 · Conquistador ×23 · Fishing Ship ×23 · Fire Galley ×15 · Trebuchet (Packed) ×15 · Mangonel ×1
Match map
Initial resources + every placement click. Lines = walls · curves = elevation contours. ◆ gold · ⬟ stone · ● berries · ✦ relic · ◌ wall gap
Your base· Open — unwalled flank
Lharien's base· Open — 5t gap
since1783's base· Open — 3t gap
游樂比(ULB)'s base· Open — 5t gap
Murador's base· Open — 5t gap
Bang! Bang! Dream's base· Open — 7t gap
Smoothed initial terrain · ◌ = detected wall gap · hover for details
Inputs per minute
— TW_Mark - - Lharien
Build order — TW_Mark
First 150 of 290 actions detected
| 0:20 | Build | Town Center |
| 0:56 | Build | Dock |
| 0:59 | Build | House |
| 2:45 | Create | Villager (Male) ×4 |
| 2:45 | Create | Villager (Male) ×4 |
| 4:12 | Create | Villager (Male) |
| 4:12 | Create | Villager (Male) |
| 4:40 | Build | House |
| 4:55 | Create | Villager (Male) |
| 4:55 | Create | Villager (Male) |
| 5:23 | Create | Villager (Male) |
| 5:23 | Create | Villager (Male) |
| 5:27 | Create | Villager (Male) |
| 5:28 | Create | Villager (Male) |
| 5:40 | Create | Fishing Ship |
| 5:40 | Create | Fishing Ship |
| 6:08 | Build | House |
| 6:20 | Create | Villager (Male) |
| 6:20 | Create | Villager (Male) |
| 6:43 | Build | Mill |
| 7:26 | Create | Villager (Male) |
| 7:26 | Create | Villager (Male) |
| 7:30 | Research | Loom |
| 7:37 | Create | Fishing Ship |
| 7:37 | Create | Fishing Ship |
| 7:51 | Create | Villager (Male) |
| 7:51 | Create | Villager (Male) |
| 8:05 | Create | Fishing Ship |
| 8:06 | Create | Fishing Ship |
| 8:17 | Build | House |
| 8:19 | Create | Villager (Male) |
| 8:20 | Create | Villager (Male) |
| 8:35 | Create | Fishing Ship |
| 8:54 | Build | House |
| 9:13 | Build | Mining Camp |
| 9:14 | Create | Villager (Male) |
| 9:14 | Create | Villager (Male) |
| 9:36 | Create | Fishing Ship |
| 9:36 | Create | Fishing Ship |
| 9:37 | Create | Villager (Male) |
| 9:37 | Create | Villager (Male) |
| 10:00 | Create | Villager (Male) |
| 10:05 | Create | Fishing Ship |
| 10:05 | Create | Fishing Ship |
| 10:19 | Build | House |
| 10:34 | Create | Villager (Male) |
| 11:00 | Create | Villager (Male) |
| 11:06 | Build | House |
| 11:19 | Create | Fishing Ship |
| 11:47 | Create | Villager (Male) |
| 11:54 | Create | Fishing Ship |
| 12:01 | Research | Feudal Age |
| 12:01 | Research | Feudal Age |
| 12:27 | Create | Villager (Male) |
| 12:44 | Create | Villager (Male) |
| 12:46 | Create | Fishing Ship |
| 13:10 | Build | House |
| 13:11 | Build | Palisade Wall |
| 13:19 | Create | Fishing Ship |
| 13:58 | Build | Palisade Wall |
| 14:01 | Build | Palisade Wall |
| 14:11 | Age | Feudal Age |
| 14:19 | Build | Blacksmith |
| 14:24 | Build | Market |
| 15:06 | Create | Villager (Male) |
| 15:49 | Research | Castle Age |
| 16:46 | Create | Villager (Male) |
| 16:46 | Create | Villager (Male) |
| 17:32 | Build | Lumber Camp |
| 18:29 | Age | Castle Age |
| 18:35 | Build | Castle |
| 18:43 | Create | Villager (Male) |
| 19:14 | Create | Villager (Male) |
| 19:34 | Build | Siege Workshop |
| 19:45 | Create | Villager (Male) |
| 19:49 | Build | Siege Workshop |
| 20:10 | Research | Fletching |
| 20:10 | Research | Fletching |
| 20:14 | Create | Villager (Male) |
| 20:38 | Build | Mining Camp |
| 20:39 | Create | Villager (Male) |
| 20:51 | Create | Battering Ram |
| 20:51 | Create | Battering Ram |
| 20:51 | Create | Battering Ram |
| 21:05 | Create | Rattan Archer |
| 21:05 | Create | Rattan Archer |
| 21:06 | Create | Rattan Archer |
| 21:41 | Create | Villager (Male) |
| 21:41 | Create | Villager (Male) |
| 21:43 | Create | Villager (Male) |
| 21:48 | Create | Rattan Archer |
| 22:24 | Create | Battering Ram |
| 22:24 | Create | Battering Ram |
| 22:24 | Create | Battering Ram |
| 22:29 | Create | Villager (Male) |
| 22:58 | Build | Mining Camp |
| 23:07 | Create | Villager (Male) |
| 23:27 | Create | Villager (Male) |
| 23:44 | Build | Town Center |
| 23:46 | Create | Villager (Male) |
| 24:02 | Create | Villager (Male) |
| 24:11 | Build | Farm |
| 24:11 | Build | Farm |
| 24:11 | Build | Farm |
| 24:12 | Build | Farm |
| 24:12 | Research | Horse Collar |
| 24:29 | Create | Villager (Male) |
| 25:06 | Create | Villager (Male) |
| 25:29 | Create | Villager (Male) |
| 25:29 | Create | Villager (Male) |
| 25:30 | Create | Rattan Archer |
| 25:30 | Create | Rattan Archer |
| 25:31 | Create | Rattan Archer |
| 25:33 | Create | Rattan Archer |
| 25:37 | Build | Farm |
| 25:38 | Build | Farm |
| 25:43 | Create | Villager (Male) |
| 25:43 | Create | Villager (Male) |
| 25:56 | Create | Villager (Male) |
| 26:04 | Create | Rattan Archer ×2 |
| 26:31 | Build | Farm |
| 26:31 | Build | Farm |
| 26:43 | Create | Rattan Archer |
| 26:49 | Create | Villager (Male) |
| 26:49 | Create | Villager (Male) |
| 27:04 | Build | Farm |
| 27:05 | Build | Farm |
| 27:05 | Build | Farm |
| 27:28 | Create | Battering Ram |
| 27:28 | Create | Battering Ram |
| 27:34 | Create | Villager (Male) |
| 27:34 | Create | Villager (Male) |
| 27:40 | Create | Villager (Male) |
| 27:41 | Create | Villager (Male) |
| 27:44 | Create | Rattan Archer |
| 27:44 | Create | Rattan Archer |
| 28:02 | Create | Rattan Archer |
| 28:13 | Create | Villager (Male) |
| 28:13 | Create | Villager (Male) |
| 28:28 | Create | Villager (Male) |
| 28:29 | Create | Villager (Male) |
| 28:41 | Create | Villager (Male) |
| 28:42 | Create | Villager (Male) |
| 28:47 | Build | Farm |
| 28:47 | Build | Farm |
| 28:47 | Build | Farm |
| 28:48 | Build | Farm |
| 29:12 | Create | Villager (Male) ×2 |
| 29:12 | Create | Villager (Male) ×2 |
| 29:45 | Create | Villager (Male) ×2 |
Build order — Lharien
First 150 of 243 actions detected
| 0:07 | Build | Town Center |
| 0:48 | Build | Dock |
| 0:51 | Build | House |
| 2:27 | Create | Villager (Male) |
| 2:28 | Create | Villager (Male) |
| 2:28 | Create | Villager (Male) |
| 2:28 | Create | Villager (Male) |
| 2:29 | Create | Villager (Male) |
| 3:44 | Create | Fishing Ship |
| 3:59 | Create | Villager (Male) |
| 4:23 | Create | Villager (Male) |
| 4:23 | Create | Villager (Male) |
| 4:33 | Build | House |
| 4:57 | Create | Villager (Male) |
| 5:21 | Create | Villager (Male) |
| 5:49 | Create | Villager (Male) |
| 5:50 | Create | Fishing Ship |
| 5:54 | Build | House |
| 6:16 | Create | Villager (Male) |
| 6:16 | Create | Villager (Male) |
| 6:30 | Create | Fishing Ship |
| 6:37 | Create | Villager (Male) |
| 6:37 | Create | Villager (Male) |
| 6:46 | Build | House |
| 7:05 | Create | Villager (Male) |
| 7:20 | Create | Fishing Ship |
| 7:25 | Create | Villager (Male) |
| 7:32 | Build | House |
| 7:47 | Create | Villager (Male) |
| 8:02 | Create | Fishing Ship |
| 8:02 | Create | Villager (Male) |
| 8:27 | Build | House |
| 8:31 | Create | Villager (Male) |
| 8:31 | Create | Villager (Male) |
| 8:44 | Create | Fishing Ship |
| 8:55 | Build | Palisade Wall |
| 8:58 | Create | Villager (Male) |
| 9:31 | Build | Settlement |
| 9:32 | Create | Villager (Male) |
| 9:44 | Create | Villager (Male) |
| 9:56 | Build | Palisade Wall |
| 10:01 | Build | Palisade Wall |
| 10:39 | Build | Settlement |
| 10:51 | Research | Loom |
| 11:19 | Research | Feudal Age |
| 11:25 | Create | Fishing Ship |
| 11:53 | Build | Dock |
| 12:22 | Create | Fishing Ship |
| 12:56 | Create | Villager (Male) |
| 13:28 | Create | Villager (Male) |
| 13:29 | Age | Feudal Age |
| 13:31 | Build | Market |
| 13:35 | Build | Blacksmith |
| 13:37 | Build | House |
| 13:41 | Research | Town Watch |
| 13:45 | Create | Unit 2626 |
| 14:28 | Build | House |
| 14:58 | Research | Castle Age |
| 14:58 | Research | Castle Age |
| 15:03 | Build | Palisade Wall |
| 15:20 | Research | Double-Bit Axe |
| 15:30 | Create | Unit 2626 |
| 15:37 | Build | Palisade Wall |
| 15:49 | Build | Outpost |
| 15:53 | Create | Unit 2626 |
| 16:26 | Build | Outpost |
| 16:28 | Create | Villager (Male) |
| 16:30 | Research | Fletching |
| 17:18 | Build | Outpost |
| 17:34 | Create | Fire Galley |
| 17:38 | Age | Castle Age |
| 17:51 | Create | Villager (Male) |
| 18:03 | Build | Castle |
| 18:15 | Create | Villager (Male) |
| 18:31 | Build | House |
| 18:45 | Create | Villager (Male) |
| 19:01 | Research | Bodkin Arrow |
| 19:18 | Create | Unit 2562 |
| 19:18 | Create | Unit 2562 |
| 19:46 | Create | Villager (Male) |
| 19:57 | Create | Unit 2562 |
| 19:57 | Create | Unit 2562 |
| 20:14 | Create | Villager (Male) |
| 20:14 | Create | Villager (Male) |
| 20:23 | Create | Unit 2626 |
| 20:29 | Create | Unit 2562 |
| 20:42 | Create | Villager (Male) |
| 20:55 | Create | Unit 2562 |
| 20:56 | Create | Unit 2562 |
| 20:59 | Build | House |
| 21:03 | Create | Villager (Male) |
| 21:13 | Create | Unit 2562 |
| 21:39 | Build | University |
| 22:12 | Create | Villager (Male) |
| 22:20 | Create | Unit 2562 |
| 22:20 | Create | Unit 2562 |
| 22:26 | Build | Siege Workshop |
| 22:35 | Create | Villager (Male) |
| 22:35 | Create | Villager (Male) |
| 22:58 | Create | Villager (Male) |
| 23:18 | Create | Unit 2562 |
| 23:20 | Create | Villager (Male) |
| 23:43 | Create | Mangonel |
| 24:06 | Create | Villager (Male) |
| 24:26 | Create | Villager (Male) |
| 24:55 | Create | Villager (Male) |
| 25:15 | Create | Villager (Male) |
| 25:29 | Build | House |
| 25:48 | Build | House |
| 25:50 | Create | Villager (Male) |
| 26:16 | Create | Villager (Male) |
| 26:51 | Create | Mangonel |
| 27:10 | Create | Villager (Male) |
| 27:23 | Build | House |
| 27:39 | Create | Villager (Male) |
| 27:59 | Create | Mangonel |
| 28:09 | Build | Outpost |
| 28:37 | Create | Villager (Male) |
| 29:10 | Create | Villager (Male) |
| 30:02 | Create | Villager (Male) |
| 30:30 | Create | Villager (Male) |
| 30:47 | Build | Castle |
| 30:54 | Build | Town Center |
| 31:31 | Create | Villager (Male) |
| 31:43 | Build | Settlement |
| 32:03 | Create | Villager (Male) |
| 32:57 | Build | Farm |
| 32:59 | Build | Farm |
| 33:00 | Build | Farm |
| 33:04 | Build | Farm |
| 33:05 | Build | Farm |
| 33:07 | Build | Farm |
| 33:08 | Build | Farm |
| 33:09 | Create | Villager (Male) |
| 33:32 | Build | Castle |
| 33:39 | Create | Villager (Male) |
| 33:42 | Create | Villager (Male) |
| 34:57 | Build | Settlement |
| 35:02 | Research | Ballistics |
| 35:04 | Create | Villager (Male) |
| 35:04 | Create | Villager (Male) |
| 35:15 | Create | Villager (Male) |
| 35:31 | Create | Villager (Male) |
| 35:56 | Create | Villager (Male) |
| 35:56 | Create | Villager (Male) |
| 36:07 | Create | Villager (Male) |
| 36:07 | Create | Villager (Male) |
| 36:11 | Build | Farm |
| 36:11 | Build | Farm |
| 36:12 | Build | Farm |
Build order — since1783
First 150 of 283 actions detected
| 0:25 | Build | Town Center |
| 1:40 | Build | Palisade Wall |
| 1:45 | Build | Dock |
| 1:48 | Build | House |
| 2:42 | Create | Villager (Male) ×4 |
| 2:43 | Create | Villager (Male) ×4 |
| 3:35 | Research | Loom |
| 3:36 | Create | Villager (Male) |
| 3:36 | Create | Villager (Male) |
| 3:46 | Create | Fishing Ship |
| 4:33 | Build | House |
| 4:37 | Build | House |
| 5:01 | Create | Villager (Male) |
| 5:28 | Create | Villager (Male) |
| 5:28 | Create | Villager (Male) |
| 5:41 | Create | Fishing Ship |
| 5:41 | Create | Fishing Ship |
| 5:44 | Create | Villager (Male) |
| 6:10 | Create | Villager (Male) |
| 6:10 | Create | Villager (Male) |
| 6:31 | Create | Villager (Male) |
| 6:31 | Create | Villager (Male) |
| 6:44 | Create | Fishing Ship |
| 6:55 | Build | House |
| 7:04 | Create | Villager (Male) |
| 7:04 | Create | Villager (Male) |
| 7:04 | Create | Villager (Male) |
| 7:26 | Create | Villager (Male) |
| 7:26 | Create | Villager (Male) |
| 7:31 | Create | Villager (Male) |
| 7:31 | Create | Villager (Male) |
| 7:37 | Create | Fishing Ship |
| 7:38 | Create | Fishing Ship |
| 7:44 | Build | House |
| 8:01 | Create | Villager (Male) |
| 8:01 | Create | Villager (Male) |
| 8:17 | Build | House |
| 8:24 | Create | Villager (Male) |
| 8:24 | Create | Villager (Male) |
| 8:24 | Create | Villager (Male) |
| 8:52 | Create | Fishing Ship |
| 8:54 | Create | Fishing Ship |
| 9:18 | Create | Villager (Male) |
| 9:18 | Create | Villager (Male) |
| 9:31 | Build | House |
| 9:34 | Build | House |
| 9:37 | Create | Villager (Male) |
| 9:37 | Create | Villager (Male) |
| 9:59 | Create | Fishing Ship |
| 10:22 | Build | Mill |
| 10:40 | Create | Villager (Male) |
| 10:41 | Create | Villager (Male) |
| 11:06 | Create | Fishing Ship |
| 11:12 | Build | Mining Camp |
| 11:59 | Research | Feudal Age |
| 11:59 | Research | Feudal Age |
| 12:12 | Build | Lumber Camp |
| 12:36 | Build | Mill |
| 12:41 | Create | Fishing Ship |
| 14:09 | Age | Feudal Age |
| 14:12 | Build | Market |
| 14:15 | Build | Blacksmith |
| 14:20 | Create | Villager (Male) |
| 14:21 | Research | Town Watch |
| 15:00 | Research | Castle Age |
| 15:10 | Build | Barracks |
| 15:21 | Research | Double-Bit Axe |
| 15:22 | Research | Double-Bit Axe |
| 16:06 | Build | Archery Range |
| 16:13 | Research | Fletching |
| 16:44 | Create | Archer |
| 16:45 | Create | Archer |
| 16:54 | Build | House |
| 17:05 | Build | House |
| 17:19 | Create | Archer |
| 17:25 | Build | Archery Range |
| 17:50 | Age | Castle Age |
| 17:52 | Create | Villager (Male) |
| 17:52 | Create | Villager (Male) |
| 17:54 | Create | Villager (Male) |
| 17:54 | Create | Villager (Male) |
| 17:59 | Research | Crossbowman (upgrade) |
| 18:00 | Research | Bodkin Arrow |
| 18:01 | Research | Bodkin Arrow |
| 18:38 | Create | Archer |
| 18:38 | Create | Archer |
| 18:42 | Build | Palisade Wall |
| 18:48 | Build | Palisade Wall |
| 18:50 | Build | Palisade Wall |
| 19:09 | Create | Archer |
| 19:19 | Build | Mining Camp |
| 19:22 | Create | Villager (Male) |
| 19:22 | Create | Villager (Male) |
| 19:27 | Create | Archer |
| 19:27 | Create | Archer |
| 20:21 | Create | Archer |
| 20:21 | Create | Archer |
| 20:21 | Create | Archer |
| 20:22 | Create | Archer |
| 20:23 | Create | Villager (Male) |
| 20:23 | Create | Villager (Male) |
| 20:24 | Create | Villager (Male) |
| 20:24 | Create | Villager (Male) |
| 20:31 | Create | Archer |
| 20:32 | Create | Archer |
| 20:33 | Create | Archer |
| 20:33 | Create | Archer |
| 20:52 | Create | Skirmisher |
| 20:53 | Create | Skirmisher |
| 21:13 | Build | University |
| 21:16 | Create | Villager (Male) |
| 21:17 | Create | Villager (Male) |
| 21:32 | Create | Archer |
| 21:33 | Create | Archer |
| 21:33 | Create | Archer |
| 21:45 | Build | Town Center |
| 22:08 | Research | Ballistics |
| 22:34 | Create | Archer |
| 22:34 | Create | Archer |
| 22:36 | Create | Villager (Male) |
| 22:37 | Create | Villager (Male) |
| 22:37 | Create | Villager (Male) |
| 22:42 | Build | House |
| 22:43 | Build | House |
| 22:43 | Build | House |
| 22:44 | Build | House |
| 22:54 | Create | Archer |
| 22:54 | Create | Archer |
| 22:54 | Create | Archer |
| 22:56 | Create | Villager (Male) |
| 22:56 | Create | Villager (Male) |
| 22:57 | Create | Villager (Male) |
| 23:12 | Create | Archer |
| 23:13 | Create | Archer |
| 23:38 | Create | Archer ×3 |
| 23:38 | Create | Archer ×3 |
| 23:48 | Build | Lumber Camp |
| 23:52 | Create | Villager (Male) ×2 |
| 23:52 | Create | Villager (Male) ×2 |
| 24:07 | Create | Archer ×3 |
| 24:08 | Create | Archer ×3 |
| 24:29 | Create | Archer ×4 |
| 24:37 | Create | Villager (Male) ×2 |
| 24:55 | Create | Archer ×3 |
| 24:56 | Create | Villager (Male) |
| 24:57 | Create | Villager (Male) |
| 24:57 | Create | Villager (Male) |
| 25:01 | Build | House |
| 25:02 | Build | House |
| 25:02 | Build | House |
Build order — 游樂比(ULB)
First 150 of 309 actions detected
| 0:12 | Build | Town Center |
| 0:36 | Build | Dock |
| 0:39 | Build | House |
| 2:36 | Create | Villager (Male) |
| 2:36 | Create | Villager (Male) |
| 2:36 | Create | Villager (Male) |
| 2:36 | Create | Villager (Male) |
| 2:37 | Create | Villager (Male) |
| 3:41 | Create | Villager (Male) |
| 3:41 | Create | Villager (Male) |
| 3:44 | Create | Fishing Ship |
| 4:25 | Build | House |
| 4:45 | Create | Villager (Male) |
| 4:45 | Create | Villager (Male) |
| 5:03 | Create | Villager (Male) |
| 5:03 | Create | Villager (Male) |
| 5:25 | Create | Villager (Male) |
| 5:25 | Create | Villager (Male) |
| 5:53 | Create | Villager (Male) |
| 5:53 | Create | Villager (Male) |
| 6:00 | Create | Fishing Ship |
| 6:12 | Create | Villager (Male) |
| 6:13 | Create | Villager (Male) |
| 6:18 | Build | House |
| 6:22 | Create | Villager (Male) |
| 6:54 | Create | Villager (Male) |
| 6:56 | Build | House |
| 7:01 | Create | Fishing Ship |
| 7:19 | Create | Villager (Male) |
| 7:36 | Create | Fishing Ship |
| 7:53 | Create | Villager (Male) |
| 8:14 | Build | Settlement |
| 8:20 | Create | Villager (Male) |
| 8:45 | Create | Villager (Male) |
| 8:50 | Create | Fishing Ship |
| 9:01 | Create | Villager (Male) |
| 9:20 | Create | Villager (Male) |
| 9:49 | Build | Settlement |
| 9:55 | Create | Villager (Male) |
| 10:00 | Build | House |
| 10:13 | Build | House |
| 10:24 | Create | Villager (Male) |
| 10:26 | Build | House |
| 10:38 | Create | Villager (Male) |
| 10:47 | Create | Villager (Male) |
| 10:58 | Create | Villager (Male) |
| 11:24 | Research | Feudal Age |
| 11:24 | Research | Feudal Age |
| 11:35 | Research | Loom |
| 11:36 | Create | Villager (Male) |
| 11:44 | Create | Fishing Ship |
| 12:16 | Build | House |
| 13:35 | Age | Feudal Age |
| 13:38 | Build | Market |
| 13:42 | Build | Blacksmith |
| 14:29 | Research | Castle Age |
| 15:01 | Build | Settlement |
| 15:14 | Research | Double-Bit Axe |
| 15:22 | Research | Fletching |
| 15:25 | Create | Villager (Male) |
| 17:09 | Age | Castle Age |
| 17:12 | Create | Fire Galley |
| 17:12 | Create | Fire Galley |
| 17:17 | Research | Bodkin Arrow |
| 17:22 | Build | Castle |
| 17:25 | Create | Villager (Male) |
| 17:41 | Create | Villager (Male) |
| 17:45 | Build | Farm |
| 18:01 | Create | Fire Galley |
| 18:32 | Build | House |
| 18:35 | Create | Villager (Male) |
| 18:35 | Create | Villager (Male) |
| 18:38 | Create | Unit 2562 |
| 18:39 | Create | Unit 2562 |
| 18:50 | Build | Farm |
| 18:51 | Build | Farm |
| 18:52 | Build | Farm |
| 19:15 | Create | Unit 2562 |
| 19:39 | Create | Unit 2562 |
| 19:42 | Build | House |
| 19:59 | Build | Farm |
| 20:00 | Create | Villager (Male) |
| 20:14 | Create | Unit 2562 |
| 20:15 | Create | Unit 2562 |
| 20:31 | Create | Villager (Male) |
| 20:32 | Create | Villager (Male) |
| 20:35 | Create | Unit 2562 |
| 20:59 | Create | Unit 2562 |
| 20:59 | Create | Unit 2562 |
| 21:00 | Create | Villager (Male) |
| 21:00 | Create | Villager (Male) |
| 21:32 | Create | Villager (Male) |
| 21:33 | Create | Villager (Male) |
| 21:58 | Build | Castle |
| 22:01 | Create | Villager (Male) |
| 22:19 | Build | Farm |
| 22:20 | Build | Farm |
| 22:23 | Create | Unit 2562 |
| 22:23 | Create | Unit 2562 |
| 22:23 | Create | Unit 2562 |
| 22:31 | Create | Villager (Male) |
| 22:36 | Build | Town Center |
| 22:46 | Create | Unit 2562 |
| 23:07 | Build | Siege Workshop |
| 23:20 | Research | Padded Archer Armor |
| 23:23 | Create | Villager (Male) |
| 23:23 | Create | Villager (Male) |
| 23:43 | Create | Unit 2562 |
| 23:48 | Create | Villager (Male) |
| 23:48 | Create | Villager (Male) |
| 23:54 | Create | Unit 2562 |
| 24:08 | Create | Villager (Male) |
| 24:09 | Create | Villager (Male) |
| 24:18 | Create | Mangonel |
| 24:22 | Create | Unit 2562 |
| 24:32 | Create | Villager (Male) |
| 24:32 | Create | Villager (Male) |
| 25:05 | Create | Villager (Male) |
| 25:14 | Create | Villager (Male) |
| 25:14 | Create | Villager (Male) |
| 25:31 | Create | Unit 2562 |
| 25:31 | Create | Unit 2562 |
| 25:32 | Create | Villager (Male) |
| 25:32 | Create | Villager (Male) |
| 25:56 | Build | Farm |
| 25:58 | Build | Farm |
| 25:59 | Build | Farm |
| 26:21 | Create | Villager (Male) |
| 26:22 | Create | Mangonel |
| 26:23 | Create | Villager (Male) |
| 26:30 | Create | Unit 2562 |
| 26:32 | Create | Villager (Male) |
| 26:46 | Create | Villager (Male) |
| 27:05 | Create | Villager (Male) |
| 27:05 | Create | Villager (Male) |
| 27:25 | Create | Villager (Male) |
| 27:33 | Create | Villager (Male) |
| 27:33 | Create | Villager (Male) |
| 28:08 | Build | Castle |
| 28:12 | Create | Villager (Male) |
| 28:12 | Create | Villager (Male) |
| 28:24 | Create | Villager (Male) |
| 28:24 | Create | Villager (Male) |
| 28:37 | Create | Villager (Male) |
| 28:38 | Create | Unit 2562 |
| 28:39 | Create | Unit 2562 |
| 29:06 | Create | Unit 2562 |
| 29:07 | Create | Unit 2562 |
| 29:16 | Create | Unit 2562 |
| 29:16 | Create | Unit 2562 |
Build order — Murador
First 150 of 507 actions detected
| 0:04 | Build | Town Center |
| 0:48 | Build | Dock |
| 1:00 | Build | House |
| 2:23 | Create | Villager (Male) |
| 2:24 | Create | Villager (Male) |
| 2:24 | Create | Villager (Male) |
| 2:24 | Create | Villager (Male) |
| 2:24 | Create | Villager (Male) |
| 3:32 | Build | Palisade Wall |
| 3:34 | Build | Palisade Wall |
| 3:50 | Create | Fishing Ship |
| 3:50 | Create | Fishing Ship |
| 3:56 | Create | Villager (Male) |
| 4:28 | Create | Villager (Male) |
| 4:31 | Build | House |
| 4:53 | Create | Villager (Male) |
| 5:11 | Create | Villager (Male) |
| 5:37 | Create | Villager (Male) |
| 5:47 | Create | Fishing Ship |
| 5:53 | Build | House |
| 5:58 | Create | Villager (Male) |
| 6:20 | Create | Villager (Male) |
| 6:46 | Create | Villager (Male) |
| 6:50 | Create | Fishing Ship |
| 7:11 | Create | Villager (Male) |
| 7:20 | Build | House |
| 7:30 | Create | Villager (Male) |
| 7:31 | Create | Villager (Male) |
| 7:54 | Create | Fishing Ship |
| 7:55 | Create | Villager (Male) |
| 8:29 | Create | Villager (Male) |
| 8:31 | Create | Fishing Ship |
| 9:00 | Create | Villager (Male) |
| 9:01 | Create | Fishing Ship |
| 9:04 | Build | House |
| 9:13 | Create | Villager (Male) |
| 9:43 | Create | Villager (Male) |
| 10:00 | Create | Fishing Ship |
| 10:01 | Create | Villager (Male) |
| 10:15 | Build | Mill |
| 10:29 | Build | House |
| 10:52 | Build | Mill |
| 11:05 | Create | Villager (Male) |
| 11:09 | Create | Villager (Male) |
| 11:26 | Create | Fishing Ship |
| 11:33 | Build | Lumber Camp |
| 11:54 | Build | Mining Camp |
| 11:57 | Research | Feudal Age |
| 11:57 | Research | Feudal Age |
| 13:07 | Build | House |
| 13:08 | Build | House |
| 13:14 | Create | Fishing Ship |
| 13:14 | Create | Fishing Ship |
| 13:25 | Build | Dock |
| 13:33 | Research | Loom |
| 13:35 | Create | Villager (Male) |
| 14:07 | Age | Feudal Age |
| 14:12 | Build | Market |
| 14:15 | Build | Blacksmith |
| 14:22 | Research | Town Watch |
| 14:23 | Research | Town Watch |
| 14:31 | Build | Mining Camp |
| 15:13 | Research | Castle Age |
| 15:13 | Research | Castle Age |
| 15:37 | Research | Double-Bit Axe |
| 15:37 | Research | Double-Bit Axe |
| 15:53 | Build | Palisade Wall |
| 15:55 | Build | House |
| 15:57 | Build | House |
| 16:03 | Build | Stone Wall |
| 16:31 | Research | Fletching |
| 17:10 | Build | Outpost |
| 17:20 | Create | Villager (Male) |
| 17:22 | Research | Horse Collar |
| 17:22 | Research | Horse Collar |
| 17:29 | Research | Wheelbarrow |
| 17:29 | Research | Wheelbarrow |
| 17:33 | Create | Villager (Male) |
| 17:34 | Create | Villager (Male) |
| 17:51 | Build | Outpost |
| 17:53 | Age | Castle Age |
| 17:54 | Build | Outpost |
| 18:00 | Create | Villager (Male) |
| 18:12 | Build | Monastery |
| 18:13 | Build | Outpost |
| 18:36 | Build | Castle |
| 18:49 | Create | Villager (Male) |
| 18:57 | Create | Monk |
| 19:13 | Create | Unit 2626 |
| 19:13 | Create | Unit 2626 |
| 19:28 | Research | Bow Saw |
| 19:28 | Research | Bow Saw |
| 19:54 | Create | Villager (Male) |
| 20:23 | Build | Town Center |
| 20:27 | Create | Hussite Wagon |
| 20:27 | Create | Hussite Wagon |
| 20:45 | Create | Villager (Male) |
| 20:47 | Create | Hussite Wagon |
| 21:15 | Create | Villager (Male) |
| 21:24 | Create | Hussite Wagon |
| 21:35 | Create | Hussite Wagon |
| 22:05 | Create | Villager (Male) |
| 22:06 | Create | Hussite Wagon |
| 22:06 | Create | Hussite Wagon |
| 22:08 | Create | Villager (Male) |
| 22:11 | Build | Farm |
| 22:12 | Build | Farm |
| 22:17 | Research | Fervor |
| 22:17 | Research | Fervor |
| 22:31 | Create | Villager (Male) |
| 22:33 | Create | Villager (Male) |
| 22:36 | Create | Villager (Male) |
| 22:58 | Create | Hussite Wagon |
| 22:59 | Create | Hussite Wagon |
| 23:23 | Create | Villager (Male) |
| 23:23 | Create | Villager (Male) |
| 23:23 | Create | Villager (Male) |
| 23:36 | Create | Villager (Male) |
| 23:39 | Create | Hussite Wagon |
| 23:57 | Build | Outpost |
| 23:58 | Create | Villager (Male) |
| 24:04 | Build | Town Center |
| 24:13 | Create | Villager (Male) |
| 24:23 | Create | Villager (Male) |
| 24:34 | Create | Hussite Wagon |
| 24:34 | Create | Hussite Wagon |
| 24:36 | Create | Villager (Male) |
| 24:42 | Create | Villager (Male) |
| 25:13 | Build | Farm |
| 25:13 | Build | Farm |
| 25:13 | Build | Farm |
| 25:13 | Build | Farm |
| 25:14 | Build | Farm |
| 25:20 | Build | Castle |
| 25:24 | Create | Villager (Male) |
| 25:24 | Create | Villager (Male) |
| 25:28 | Build | Farm |
| 25:29 | Build | Farm |
| 25:31 | Build | Farm |
| 25:33 | Build | Farm |
| 25:56 | Create | Hussite Wagon |
| 25:56 | Create | Hussite Wagon |
| 25:57 | Create | Villager (Male) |
| 25:58 | Create | Villager (Male) |
| 26:03 | Create | Villager (Male) |
| 26:10 | Create | Villager (Male) |
| 26:10 | Create | Villager (Male) |
| 26:16 | Build | Farm |
| 26:17 | Build | Farm |
| 26:19 | Build | Farm |
Build order — Bang! Bang! Dream
First 150 of 687 actions detected
| 0:08 | Build | Town Center |
| 1:18 | Build | Dock |
| 1:30 | Build | House |
| 2:37 | Create | Villager (Male) |
| 2:38 | Create | Villager (Male) |
| 2:38 | Create | Villager (Male) |
| 2:38 | Create | Villager (Male) |
| 2:38 | Create | Villager (Male) |
| 3:42 | Create | Fishing Ship |
| 4:00 | Create | Villager (Male) |
| 4:42 | Create | Villager (Male) |
| 4:42 | Create | Villager (Male) |
| 4:44 | Build | House |
| 5:13 | Create | Villager (Male) |
| 5:14 | Create | Villager (Male) |
| 5:14 | Create | Fishing Ship |
| 5:45 | Create | Villager (Male) |
| 5:46 | Create | Villager (Male) |
| 5:54 | Create | Fishing Ship |
| 5:55 | Create | Fishing Ship |
| 5:55 | Create | Fishing Ship |
| 6:05 | Build | House |
| 6:15 | Create | Villager (Male) |
| 6:16 | Create | Villager (Male) |
| 6:23 | Build | House |
| 6:46 | Create | Villager (Male) |
| 6:46 | Create | Villager (Male) |
| 6:47 | Create | Villager (Male) |
| 6:49 | Create | Fishing Ship |
| 7:17 | Create | Villager (Male) |
| 7:17 | Create | Villager (Male) |
| 7:18 | Create | Villager (Male) |
| 7:29 | Create | Fishing Ship |
| 7:29 | Create | Fishing Ship |
| 7:35 | Build | House |
| 7:40 | Create | Villager (Male) |
| 7:40 | Create | Villager (Male) |
| 7:41 | Create | Villager (Male) |
| 7:57 | Create | Villager (Male) |
| 7:59 | Build | House |
| 8:01 | Create | Villager (Male) |
| 8:11 | Create | Fishing Ship |
| 8:16 | Create | Villager (Male) |
| 8:16 | Create | Villager (Male) |
| 8:17 | Create | Villager (Male) |
| 8:43 | Create | Villager (Male) |
| 8:46 | Build | Lumber Camp |
| 8:48 | Create | Villager (Male) |
| 8:49 | Create | Villager (Male) |
| 8:49 | Create | Villager (Male) |
| 9:24 | Create | Fishing Ship |
| 9:31 | Create | Villager (Male) |
| 9:31 | Create | Villager (Male) |
| 9:31 | Create | Villager (Male) |
| 10:05 | Create | Fishing Ship |
| 10:07 | Create | Villager (Male) |
| 10:10 | Build | House |
| 10:19 | Create | Villager (Male) |
| 10:25 | Build | Dock |
| 10:41 | Create | Fishing Ship |
| 10:58 | Build | Palisade Wall |
| 10:59 | Build | Palisade Wall |
| 11:01 | Create | Fishing Ship |
| 11:16 | Create | Fishing Ship |
| 11:38 | Build | House |
| 11:41 | Create | Fishing Ship |
| 11:50 | Build | House |
| 12:10 | Create | Fishing Ship |
| 12:37 | Create | Fishing Ship |
| 12:39 | Create | Villager (Male) |
| 12:43 | Research | Feudal Age |
| 12:54 | Create | Villager (Male) |
| 13:01 | Build | Mill |
| 13:17 | Build | Mining Camp |
| 13:27 | Create | Fishing Ship |
| 13:27 | Create | Fishing Ship |
| 14:00 | Create | Fishing Ship |
| 14:02 | Create | Fishing Ship |
| 14:08 | Build | Dock |
| 14:15 | Build | House |
| 14:44 | Create | Fishing Ship |
| 14:52 | Create | Villager (Male) |
| 14:53 | Create | Villager (Male) |
| 15:14 | Age | Feudal Age |
| 15:16 | Build | Market |
| 15:18 | Build | Blacksmith |
| 15:34 | Build | Lumber Camp |
| 15:51 | Research | Castle Age |
| 15:52 | Research | Castle Age |
| 16:04 | Build | Mining Camp |
| 16:16 | Research | Stone Mining |
| 16:16 | Research | Stone Mining |
| 16:17 | Research | Stone Mining |
| 16:27 | Research | Double-Bit Axe |
| 16:28 | Research | Double-Bit Axe |
| 16:28 | Research | Double-Bit Axe |
| 16:39 | Research | Gold Mining |
| 16:39 | Research | Gold Mining |
| 16:39 | Research | Gold Mining |
| 16:42 | Research | Gold Mining |
| 17:03 | Create | Villager (Male) |
| 17:14 | Create | Fire Galley |
| 17:14 | Create | Fire Galley |
| 17:15 | Create | Fire Galley |
| 17:23 | Build | House |
| 17:27 | Build | House |
| 17:44 | Create | Fire Galley |
| 18:19 | Create | Fire Galley |
| 18:20 | Create | Fire Galley |
| 18:44 | Age | Castle Age |
| 18:51 | Research | Bow Saw |
| 18:54 | Create | Villager (Male) |
| 19:15 | Research | Tech 905 |
| 19:15 | Research | War Galley (upgrade) |
| 19:16 | Research | War Galley (upgrade) |
| 19:18 | Research | War Galley (upgrade) |
| 19:18 | Research | War Galley (upgrade) |
| 19:18 | Research | War Galley (upgrade) |
| 19:20 | Create | Villager (Male) |
| 19:51 | Create | Villager (Male) |
| 19:52 | Build | Castle |
| 20:00 | Create | Villager (Male) |
| 20:17 | Build | Town Center |
| 20:18 | Create | Villager (Male) |
| 20:29 | Create | Fire Galley |
| 20:29 | Create | Fire Galley |
| 20:42 | Research | Wheelbarrow |
| 20:52 | Create | Villager (Male) |
| 21:02 | Create | Fire Galley |
| 21:03 | Create | Fire Galley |
| 21:21 | Create | Conquistador |
| 21:22 | Create | Conquistador |
| 21:22 | Create | Conquistador |
| 21:24 | Create | Villager (Male) |
| 21:27 | Create | Villager (Male) |
| 21:32 | Create | Villager (Male) |
| 21:34 | Create | Fire Galley |
| 21:35 | Create | Fire Galley |
| 21:37 | Research | Padded Archer Armor |
| 21:38 | Research | Padded Archer Armor |
| 21:38 | Research | Padded Archer Armor |
| 21:39 | Create | Villager (Male) |
| 21:43 | Create | Villager (Male) |
| 21:53 | Create | Villager (Male) |
| 22:04 | Create | Villager (Male) |
| 22:06 | Create | Conquistador |
| 22:14 | Create | Villager (Male) |
| 22:27 | Build | Town Center |
| 22:31 | Create | Conquistador |
| 22:31 | Create | Conquistador |
Match timeline
| 0:36 | 游樂比(ULB) · first_building Dock |
| 0:48 | Lharien · first_building Dock |
| 0:48 | Murador · first_building Dock |
| 0:56 | TW_Mark · first_building Dock |
| 1:18 | Bang! Bang! Dream · first_building Dock |
| 1:40 | since1783 · wall_segment Palisade Wall x1 |
| 1:45 | since1783 · first_building Dock |
| 3:32 | Murador · wall_segment Palisade Wall x1 |
| 3:34 | Murador · wall_segment Palisade Wall x1 |
| 8:55 | Lharien · wall_segment Palisade Wall x8 |
| 9:56 | Lharien · wall_segment Palisade Wall x1 |
| 10:01 | Lharien · wall_segment Palisade Wall x6 |
| 10:58 | Bang! Bang! Dream · wall_segment Palisade Wall x1 |
| 10:59 | Bang! Bang! Dream · wall_segment Palisade Wall x1 |
| 13:11 | TW_Mark · wall_segment Palisade Wall x1 |
| 13:29 | Lharien · age_up feudal |
| 13:35 | 游樂比(ULB) · age_up feudal |
| 13:58 | TW_Mark · wall_segment Palisade Wall x1 |
| 14:01 | TW_Mark · wall_segment Palisade Wall x1 |
| 14:07 | Murador · age_up feudal |
| 14:09 | since1783 · age_up feudal |
| 14:11 | TW_Mark · age_up feudal |
| 14:34 | Lharien · first_market_buy 100 food |
| 14:35 | Lharien · first_market_sell 100 wood |
| 15:02 | Murador · first_market_sell 100 wood |
| 15:03 | Murador · first_market_buy 100 food |
| 15:03 | Lharien · wall_segment Palisade Wall x3 |
| 15:10 | since1783 · first_building Barracks |
| 15:14 | Bang! Bang! Dream · age_up feudal |
| 15:37 | Lharien · wall_segment Palisade Wall x5 |
| 15:53 | Murador · wall_segment Palisade Wall x1 |
| 16:03 | Murador · wall_segment Stone Wall x4 |
| 16:06 | since1783 · first_building Archery Range |
| 16:27 | Bang! Bang! Dream · first_market_buy 100 wood |
| 17:09 | 游樂比(ULB) · age_up castle |
| 17:22 | 游樂比(ULB) · first_building Castle |
| 17:38 | Lharien · age_up castle |
| 17:50 | since1783 · age_up castle |
| 17:53 | Murador · age_up castle |
| 18:03 | Lharien · first_building Castle |
| 18:12 | Murador · first_building Monastery |
| 18:29 | TW_Mark · age_up castle |
| 18:35 | TW_Mark · first_building Castle |
| 18:36 | Murador · first_building Castle |
| 18:42 | since1783 · wall_segment Palisade Wall x1 |
| 18:44 | Bang! Bang! Dream · age_up castle |
| 18:48 | since1783 · wall_segment Palisade Wall x1 |
| 18:50 | since1783 · wall_segment Palisade Wall x1 |
| 19:26 | since1783 · first_market_sell 100 wood |
| 19:34 | TW_Mark · first_building Siege Workshop |
| 19:52 | Bang! Bang! Dream · first_building Castle |
| 21:21 | Bang! Bang! Dream · first_market_sell 100 food |
| 22:22 | TW_Mark · first_market_sell 100 food |
| 22:26 | Lharien · first_building Siege Workshop |
| 23:07 | 游樂比(ULB) · first_building Siege Workshop |
| 24:15 | 游樂比(ULB) · first_market_sell 100 stone |
| 24:35 | since1783 · first_market_buy 100 food |
| 26:48 | Bang! Bang! Dream · wall_segment Stone Wall x8 |
| 27:28 | Murador · first_building Siege Workshop |
| 27:43 | Bang! Bang! Dream · wall_segment Stone Wall x2 |
| 27:56 | Bang! Bang! Dream · wall_segment Stone Wall x9 |
| 27:58 | 游樂比(ULB) · first_market_buy 100 stone |
| 28:44 | Bang! Bang! Dream · first_building Siege Workshop |
| 30:49 | Bang! Bang! Dream · first_building Barracks |
| 31:22 | Bang! Bang! Dream · wall_segment Stone Wall x8 |
| 32:13 | Bang! Bang! Dream · first_building Stable |
| 33:43 | Bang! Bang! Dream · age_up imperial |
| 34:56 | Bang! Bang! Dream · wall_segment Stone Wall x6 |
| 39:13 | Murador · first_building Barracks |
| 42:05 | since1783 · first_building Castle |
| 42:16 | Murador · age_up imperial |
| 47:15 | Lharien · resign |
[ AI ANALYSIS · 1 CREDIT ]
What really happened in this match?
Wolo.gg analyzes every decision: build order, eco, micro, common mistakes by bracket. Personalized analysis on WhatsApp or Discord in 30 seconds.
Civ guide
Vietnamese
Perfil
Jugador #21149798